 Dungeon Crawl Stone Soup version 0.22.0-25-g7663229 (webtiles) character file.

60 digijack the Magician (level 4, -2/38 HPs)
             Began as a Gnoll Wanderer on Aug 20, 2018.
             Slain by Sigmund
             ... wielding a +0 scythe
              (6 damage)
             ... on level 2 of the Dungeon.
             The game lasted 00:18:13 (2094 turns).

digijack the Magician (Gnoll Wanderer)              Turns: 2094, Time: 00:18:14

Health: -2/38      AC:  3    Str: 14 (15) XL:     4   Next: 6%
Magic:  13/13      EV: 18    Int: 14 (15) God:    Xom [..*...]
Gold:   94         SH:  0    Dex: 17 (19) Spells: 16/17 levels left

rFire    . . .     SeeInvis .   a - +2 whip (venom)
rCold    . . .     Gourm    .   (no shield)
rNeg     . . .     Faith    .   d - +1 robe
rPois    .         Spirit   .   (no helmet)
rElec    .         Reflect  .   (no cloak)
rCorr    .         Harm     .   (no gloves)
MR       .....                  (no boots)
Stlth    +++.......             (no amulet)
HPRegen  0.12/turn              (no ring)
MPRegen  0.13/turn              (no ring)

@: agile
A: distributed training, fangs 1, strong nose
a: Renounce Religion


You were on level 2 of the Dungeon.
You worshipped Xom.
You were a toy of Xom.
You were hungry.

You visited 1 branch of the dungeon, and saw 2 of its levels.

You collected 94 gold pieces.

Inventory:

Hand Weapons
 a - a +2 whip of venom (weapon)
Missiles
 h - 38 stones (quivered)
Armour
 d - a +1 robe (worn)
Scrolls
 e - a scroll of teleportation
 g - a scroll of identify
Comestibles
 f - 3 rations
 j - a chunk of flesh


   Skills:
 + Level 4.6 Fighting
 + Level 1.0 Short Blades
 + Level 1.0 Long Blades
 + Level 1.0 Axes
 + Level 1.0 Maces & Flails
 + Level 1.0 Polearms
 + Level 1.0 Staves
 + Level 1.0 Slings
 + Level 1.0 Bows
 + Level 1.0 Crossbows
 + Level 1.0 Throwing
 + Level 1.0 Armour
 + Level 2.7 Dodging
 + Level 1.0 Stealth
 + Level 1.0 Shields
 + Level 1.0 Unarmed Combat
 + Level 7.2 Spellcasting
 + Level 0.7 Conjurations
 + Level 0.7 Hexes
 + Level 0.7 Charms
 + Level 0.7 Summonings
 + Level 0.7 Necromancy
 + Level 0.7 Translocations
 + Level 0.7 Transmutations
 + Level 3.8 Fire Magic
 + Level 0.7 Ice Magic
 + Level 0.7 Air Magic
 + Level 0.7 Earth Magic
 + Level 0.7 Poison Magic
 + Level 1.1 Invocations
 + Level 4.6 Evocations


You had 16 spell levels left.
You knew the following spells:

 Your Spells              Type           Power        Failure   Level  Hunger
a - Sting                 Conj/Pois      #...         11%         1    None

Your spell library contained the following spells:

 Spells                   Type           Power        Failure   Level  Hunger
 Flame Tongue             Conj/Fire      ##...        5%          1    None
 Conjure Flame            Conj/Fire      ##......     16%         3    ##.....
 Dazzling Spray           Conj/Hex       #.....       30%         3    ##.....


Dungeon Overview and Level Annotations

Branches:
Dungeon (2/15)

Altars:
Xom

Annotations:
D:2 Sigmund


Innate Abilities, Weirdness & Mutations

Your experience applies equally to all skills.
You have very sharp teeth.
Your uncanny sense of smell can sniff out nearby items.


Message History

Sigmund completely misses you. The rat closely misses you.
You hit Sigmund.
Sigmund is poisoned.
Sigmund is lightly wounded.
The rat bites you but does no damage. Sigmund gestures at you while chanting.
The magic dart hits you!
Sigmund casts a spell.
Sigmund flickers and vanishes!
Deactivating autopickup; reactivate with Ctrl-A.
You hit the rat.
You kill the rat!
Something hits you.
You hit something. You bite something. Something hits you.
You miss something. Your bite misses something.
You are feeling hungry.
Something hits you!
* * * LOW HITPOINT WARNING * * *
You feel agile all of a sudden. Something hits you.
You die...

#......................#
#.......###.##########.#
#####.### #.# #.# ###########.#
#.# #.# #...........# #.# #.#
##.######....#####.# #.#
..........>......).# #.#
##..#.###....################.##
.#.#............@..............#
.####.###.##..####.............#
.#####.##<.#..####.##########.##
...####.##.#..[................#
...........#.#####.............#
..........)#.....#..#########.##
...........#####.#.........##.#
#####......# #<......####.##.#
rg..#......#####.#....#....##.#


There were no monsters in sight!

Vanquished Creatures
  2 adders (D:2)
  A dart slug (D:2)
  2 leopard geckos
  4 giant cockroaches
  4 goblins
  5 hobgoblins (D:1)
  2 jackals (D:1)
  4 bats
  2 frilled lizards
  8 kobolds
  5 rats
39 creatures vanquished.

Notes
Turn   | Place    | Note
-------+----------+-------------------------------------------
     0 | D:1      | digijack the Gnoll Wanderer began the quest for the Orb.
     0 | D:1      | digijack set off with: a +2 spear, a +0 robe, a ration
     0 | D:1      | Reached XP level 1. HP: 20/20 MP: 8/8
     2 | D:1      | Learned a level 1 spell: Sting
   253 | D:1      | Reached XP level 2. HP: 26/26 MP: 6/10
   285 | D:1      | Found a glowing silver altar of Zin.
   287 | D:1      | Found an opulent altar of Gozag.
   287 | D:1      | Found a white marble altar of Elyvilon.
   290 | D:1      | Found an ancient bone altar of Kikubaaqudgha.
   290 | D:1      | Found a hide-covered altar of Uskayaw.
   290 | D:1      | Found a shimmering altar of Xom.
   450 | D:1      | Became a worshipper of Xom of Malicious Giggling
   785 | D:1      | XOM: butterfly on damage
   986 | D:1      | Reached XP level 3. HP: 31/31 MP: 9/11
  1143 | D:2      | XOM: divination: detect items
  1252 | D:2      | Reached skill level 1 in Invocations
  1270 | D:2      | XOM: cloud trail
  1274 | D:2      | Paralysed by you for 6 turns
  1325 | D:2      | Noticed Sigmund
  1380 | D:2      | XOM: potion effect (heal wounds)
  1402 | D:2      | Reached skill level 1 in Short Blades
  1402 | D:2      | Reached skill level 1 in Long Blades
  1402 | D:2      | Reached skill level 1 in Axes
  1402 | D:2      | Reached skill level 1 in Maces & Flails
  1402 | D:2      | Reached skill level 1 in Polearms
  1402 | D:2      | Reached skill level 1 in Staves
  1402 | D:2      | Reached skill level 1 in Slings
  1402 | D:2      | Reached skill level 1 in Bows
  1402 | D:2      | Reached skill level 1 in Crossbows
  1402 | D:2      | Reached skill level 1 in Throwing
  1402 | D:2      | Reached skill level 1 in Armour
  1402 | D:2      | Reached skill level 1 in Stealth
  1402 | D:2      | Reached skill level 1 in Shields
  1402 | D:2      | Reached skill level 1 in Unarmed Combat
  1773 | D:2      | Reached XP level 4. HP: 38/38 MP: 9/13
  2094 | D:2      | Slain by Sigmund

Skill      XL: |  1  2  3 |
---------------+----------+-----
Invocations    | 1 |  1.1
Short Blades   | 1 |  1.0
Long Blades    | 1 |  1.0
Axes           | 1 |  1.0
Maces & Flails | 1 |  1.0
Polearms       | 1 |  1.0
Staves         | 1 |  1.0
Slings         | 1 |  1.0
Bows           | 1 |  1.0
Crossbows      | 1 |  1.0
Throwing       | 1 |  1.0
Armour         | 1 |  1.0
Stealth        | 1 |  1.0
Shields        | 1 |  1.0
Unarmed Combat | 1 |  1.0
Fighting       | |  4.6
Dodging        | |  2.7
Spellcasting   | |  7.2
Conjurations   | |  0.7
Hexes          | |  0.7
Charms         | |  0.7
Summonings     | |  0.7
Necromancy     | |  0.7
Translocations | |  0.7
Transmutations | |  0.7
Fire Magic     | |  3.8
Ice Magic      | |  0.7
Air Magic      | |  0.7
Earth Magic    | |  0.7
Poison Magic   | |  0.7
Evocations     | |  4.6

Action                   |  1- 3 |  4- 6 || total
-------------------------+-------+-------++-------
Melee: Spear             |    19 |       ||    19
       Bite              |     4 |     1 ||     5
       Whip              |    24 |     6 ||    30
       Punch             |     1 |       ||     1
 Cast: Sting             |    59 |     8 ||    67
  Use: Scroll            |     8 |       ||     8
       Potion            |     3 |     3 ||     6
 Stab: Sleeping          |     1 |       ||     1
  Eat: Chunk             |     2 |     1 ||     3
Armor: Robe              |     7 |     1 ||     8
Dodge: Dodged            |    29 |     4 ||    33
